 Dungeon Crawl Stone Soup version 0.25-a0-589-g1e14c549ee (webtiles) character file.

Game seed: 670770161488779699, levelgen mode: deterministic

54 Roikka the Caller (level 4, 0/24 HPs)
             Began as a Kobold Summoner on Mar 12, 2020.
             Succumbed to an adder's poison
             ... on level 1 of the Dungeon.
             The game lasted 00:07:41 (1933 turns).

Roikka the Caller (Kobold Summoner)                 Turns: 1933, Time: 00:07:41

Health: 0/24       AC:  2    Str:  2 (5)  XL:     4   Next: 12%
Magic:  2/7        EV: 15    Int: 15 (17) God:
Gold:   49         SH:  0    Dex: 12 (15) Spells: 5/8 levels left

rFire    . . .     SeeInvis .   b - +0 dagger
rCold    + . .     Gourm    .   (shield restricted)
rNeg     . . .     Faith    .   a - +0 robe
rPois    .         Spirit   .   (no helmet)
rElec    .         Reflect  .   (no cloak)
rCorr    .         Harm     .   (no gloves)
MR       .....                  (no boots)
Stlth    ++........             (no amulet)
HPRegen  0.08/turn              (no ring)
MPRegen  0.10/turn              (no ring)

@: lethally poisoned (0 -> -10)
A: small, carnivore, cold resistance 1, MP-powered wands
a: no special abilities


You were on level 1 of the Dungeon.
You were completely stuffed.

You visited 1 branch of the dungeon, and saw 2 of its levels.

You collected 49 gold pieces.

Inventory:

Hand Weapons
 b - a +0 dagger (weapon)
 g - a +1 flail of holy wrath
Armour
 a - a +0 robe (worn)
Scrolls
 e - 2 scrolls of identify {unknown}
 f - 2 scrolls of blinking {unknown}
 i - a scroll of teleportation {unknown}
Potions
 d - a potion of degeneration
Comestibles
 c - 3 rations
 h - a chunk of flesh


   Skills:
 * Level 2.1 Short Blades
 - Level 2.4 Dodging
 * Level 4.1 Stealth
 + Level 2.6 Spellcasting
 + Level 4.3 Summonings


You had 5 spell levels left.
You knew the following spells:

 Your Spells              Type           Power        Failure   Level  Hunger
a - Summon Small Mammal   Summ           ##..         3%          1    #......
b - Call Imp              Summ           ##......     5%          2    ###....

Your spell library contained the following spells:

 Spells                   Type           Power        Failure   Level  Hunger
 Call Canine Familiar     Summ           ##......     11%         3    ###....
 Summon Guardian Golem    Hex/Summ       #.......     26%         3    ###....
 Summon Ice Beast         Ice/Summ       #.......     65%         4    #####..
 Summon Lightning Spire   Summ/Air       #.......     65%         4    #####..


Dungeon Overview and Level Annotations

Branches:
Dungeon (2/15)

Altars:
Cheibriados

Annotations:
D:2 Natasha


Innate Abilities, Weirdness & Mutations

You are small and have problems with some larger weapons.
You are carnivorous and can eat meat at any time.
Your flesh is cold resistant. (rC+)
You expend magic power (3 MP) to strengthen your wands.


Message History

You climb upwards.
Your summoned allies are left behind.
* * * LOW HITPOINT WARNING * * *
You feel sick.
There is a stone staircase leading down here.
* * * LOW HITPOINT WARNING * * *
You feel sick.
Casting: Summon Small Mammal (safe; 3% risk of failure)
Confirm with . or Enter, or press ? or * to list all spells.
* * * LOW HITPOINT WARNING * * *
You feel sick. The adder completely misses you.
* * * LOW HITPOINT WARNING * * *
You feel sick.
Your bat hits the adder. The adder barely misses you.
Unknown command.
Unknown command.
You hit the adder.
The adder is lightly wounded.
The adder bites you.
* * * LOW HITPOINT WARNING * * *
Unknown command.
You die...

###
#.#....##...............
#.#.##.##..............#
#.#....##.........#.....
#......##.........#..###
#####.###.........###b#.
#.# #....รท....# ##..
#.# ###.....### ##.
####.### #.....# #.
#[...b@# #.....# #####.
#.##.#.# #..(..# #.....
#.##.#S# ####### #.####
###....#S# #.#
#........# #.#
#.#####..# #.# #.#
#..###########.# #.#
#....#.).......# #.#
#.##...#########


You could see 2 adders and a friendly bat.

Vanquished Creatures
  A gnoll (D:2)
  A leopard gecko (D:1)
  2 bats
  2 giant cockroaches (D:1)
  A hobgoblin (D:1)
  2 kobolds
  A ball python (D:1)
  A frilled lizard (D:1)
  A goblin (D:1)
  5 rats (D:1)
17 creatures vanquished.

Vanquished Creatures (collateral kills)
  2 gnolls (D:1)
  An adder (D:2)
  A dart slug (D:2)
  2 bats (D:1)
  A giant cockroach (D:1)
  4 goblins
  2 hobgoblins (D:1)
  2 rats (D:1)
15 creatures vanquished.

Grand Total: 32 creatures vanquished

Notes
Turn   | Place    | Note
-------+----------+-------------------------------------------
     0 | D:1      | Roikka the Kobold Summoner began the quest for the Orb.
     0 | D:1      | Reached XP level 1. HP: 10/10 MP: 3/3
   460 | D:1      | Reached XP level 2. HP: 15/15 MP: 3/5
   791 | D:1      | Reached skill level 1 in Short Blades
   925 | D:1      | Reached XP level 3. HP: 19/19 MP: 6/6
  1107 | D:2      | Learned a level 2 spell: Call Imp
  1653 | D:2      | Reached XP level 4. HP: 15/24 MP: 5/7
  1803 | D:2      | HP: 1/24 [poisoned by an adder]
  1804 | D:2      | Gained mutation: You expend magic power (3 MP) to
                  | strengthen your wands. [potion of mutation]
  1804 | D:2      | Gained mutation: Your flesh is cold resistant. (rC+)
                  | [potion of mutation]
  1893 | D:2      | Noticed Natasha
  1915 | D:2      | Found a snail-covered altar of Cheibriados.
  1932 | D:1      | HP: 1/24 [adder (2)]
  1933 | D:1      | Succumbed to an adder's poison

Levels and vault maps discovered:
D:1:      heliophobic_arrival_enchanted_forest, layout_loops_cross
D:2:      layout_loops_cross, cheibriados_altar_1,
          nicolae_gozag_cash_rules_everything_around_me,
          nicolae_overflow_crystal_walls, serial_bayou, serial_bayou_shore_a,
          serial_bayou_crossing, serial_bayou_pond_d, serial_bayou_shore_b,
          chequers_ecumenical_altar_grove, first_ration, uniq_natasha

Skill      XL: |  1  2  3 |
---------------+----------+-----
Stealth        | 3 4 |  4.1
Short Blades   | 1 2 |  2.1
Dodging        | |  2.4
Spellcasting   | |  2.6
Summonings     | |  4.3

Action                   |  1- 3 |  4- 6 || total
-------------------------+-------+-------++-------
Melee: Dagger            |    87 |    17 ||   104
       Unarmed           |     7 |       ||     7
 Cast: Summon Small Mamm |    16 |     5 ||    21
       Call Imp          |     4 |     2 ||     6
  Use: Potion            |       |     4 ||     4
 Stab: Sleeping          |     8 |       ||     8
       Distracted        |     1 |       ||     1
  Eat: Chunk             |    11 |     1 ||    12
Armor: Robe              |    11 |     1 ||    12
Dodge: Dodged            |    89 |    20 ||   109

Table legend:
 A = Non-vault XP
 B = Vault XP
 C = Vault XP percentage of total XP
 D = Non-vault monster count
 E = Vault monster count
 F = Vault count percentage of total count
                 A         B        C        D         E       F
            +---------+---------+-------+---------+---------+-------
      Total |      78 |       0 |   0.0 |      32 |       0 |   0.0
            +---------+---------+-------+---------+---------+-------
        D:1 |      50 |       0 |   0.0 |      26 |       0 |   0.0
        D:2 |      28 |       0 |   0.0 |       6 |       0 |   0.0
            +---------+---------+-------+---------+---------+-------
